 Dungeon Crawl Stone Soup version 0.31-a0-200-gbc41564c69 (webtiles) character file.

Game seed: 942932154604531162

212 qw the Skirmisher (level 5, -7/30 HPs)
             Began as a Deep Elf Hunter on June 25, 2023.
             Mangled by an iguana (11 damage)
             ... on level 4 of the Dungeon.
             The game lasted 00:00:55 (2809 turns).

qw the Skirmisher (Deep Elf Hunter)                 Turns: 2809, Time: 00:00:55

Health: -7/30      AC:  6    Str:  8 (10) XL:     5   Next: 58%
Magic:  7/7        EV: 10    Int: 11 (14) God:
Gold:   120        SH:  5    Dex: 17 (18) Spells: 4/4 levels left

rFire   . . .        Y - +0 shortbow
rCold   . . .        (shield currently unavailable)
rNeg    . . .        k - +0 ring mail
rPois   .            (no helmet)
rElec   .            (no cloak)
rCorr   .            e - +0 pair of gloves
SInv    .            (no boots)
Will    .....        j - amulet of reflection
Stlth   +            (no ring)
HPRegen 0.25/turn    (no ring)
MPRegen 0.10/turn

%: reflection
@: no status effects
A: no striking features
a: no special abilities


You were on level 4 of the Dungeon.
You visited 1 branch of the dungeon, and saw 4 of its levels.

You collected 219 gold pieces.
You spent 99 gold pieces at shops.


   Skills:
 + Level 1.8 Fighting
 - Level 9.0 Ranged Weapons
 - Level 2.4 Dodging
 - Level 1.2 Stealth


You had 4 spell levels left.
You didn't know any spells.
Your spell library was empty.

Inventory:

Hand Weapons
 Y - a +0 shortbow (weapon)
Armour
 c - a +2 robe of fire resistance
 e - a +0 pair of gloves (worn)
 k - a +0 ring mail (worn)
Jewellery
 j - an amulet of reflection (around neck)
Scrolls
 f - a scroll of identify
Potions
 a - a potion of curing {unknown}
 b - a potion of haste {unknown}
 d - a potion of invisibility {unknown}
 h - 2 potions of lignification {unknown}
 i - a potion of mutation {unknown}
 l - a potion of attraction {unknown}
 m - 2 potions of cancellation

Dungeon Overview and Level Annotations

Branches:
Dungeon (4/15)
 Temple: D:4-7

Altars:
Ashenzari

Shops:
D:4 [


Message History

You shoot an arrow. The arrow hits the hobgoblin!
You kill the hobgoblin!
You now have 120 gold pieces (gained 10).
Things that are here:
a +0 club; a goblin corpse An iguana comes into view.
The iguana hisses angrily.
Enter note:
Enter note: You shoot an arrow.
The arrow hits the iguana.
The iguana is lightly wounded.
You shoot an arrow. The arrow hits the iguana.
The iguana is heavily wounded.
You shoot an arrow.
The arrow hits the iguana but does no damage.
The iguana is heavily wounded.
You shoot an arrow.
The arrow hits the iguana but does no damage.
The iguana is heavily wounded.
You shoot an arrow. The arrow barely misses the iguana.
The iguana bites you!
You shoot an arrow. The arrow barely misses the iguana.
The iguana barely misses you.
You shoot an arrow. The arrow barely misses the iguana.
You block the iguana's attack.
You shoot an arrow. The arrow barely misses the iguana.
The iguana closely misses you.
You shoot an arrow. The arrow hits the iguana.
The iguana is heavily wounded.
The iguana barely misses you.
You shoot an arrow. The arrow barely misses the iguana.
You block the iguana's attack. The iguana bites you!
You shoot an arrow. The arrow hits the iguana.
The iguana is almost dead.
The iguana bites you!
You shoot an arrow. The arrow barely misses the iguana.
The iguana barely misses you.
You shoot an arrow. The arrow barely misses the iguana.
The iguana bites you!
You die...

### # #.. .###
#######.###....
......l......#
#@.#...# #......#
##### #.#....#
#.###...###.##.#.#
#........#...### #
#......#.......
##.###...#####.
#######.# ##.##
#.......# .#


You could see an iguana.

Vanquished Creatures
  2 orc priests (D:3)
  A sleepcap (D:4)
  5 adders
  6 orcs (D:3)
  7 ball pythons
  7 bats
  8 endoplasms
  2 giant cockroaches
  7 goblins
  3 hobgoblins
  2 jackals (D:1)
  3 quokkas
  5 frilled lizards
  8 kobolds
  7 rats (D:1)
73 creatures vanquished.

Notes
Turn   | Place    | Note
-------+----------+-------------------------------------------
     0 | D:1      | qw the Deep Elf Hunter began the quest for the Orb.
     0 | D:1      | Reached XP level 1. HP: 12/12 MP: 3/3
     0 | D:1      | 0 ||| qw: Version: 0.3-a-22-g0ed2b0b
     0 | D:1      | 0 ||| qw: Game counter: 5516
     0 | D:1      | 0 ||| qw: Melee chars always use a shield: true
     0 | D:1      | 0 ||| qw: God list: Okawaru
     0 | D:1      | 0 ||| qw: Allow faded altars: false
     0 | D:1      | 0 ||| qw: Do Orc after clearing Dungeon:15 true
     0 | D:1      | 0 ||| qw: Do second Lair branch before Depths: true
     0 | D:1      | 0 ||| qw: Lair rune preference: random
     0 | D:1      | 0 ||| qw: Goals: Normal
     0 | D:1      | 0 ||| PLANNING D:1-11
    58 | D:1      | Reached XP level 2. HP: 16/16 MP: 4/4
    74 | D:1      | Reached skill level 6 in Ranged Weapons
   421 | D:1      | Reached XP level 3. HP: 17/20 MP: 5/5
   623 | D:1      | 623 ||| READING scroll labelled DEANLO YSEMUIM.
   624 | D:1      | 624 ||| READING scroll labelled PICHEAT GASAATT.
   625 | D:1      | 625 ||| READING scroll labelled CANLUR OPUROAW.
   626 | D:1      | 626 ||| READING scroll labelled SUYFEE KYUS.
   627 | D:1      | 627 ||| READING scroll labelled TUIBRU GICLIRGH.
   630 | D:1      | 630 ||| READING scroll labelled ZIXKAU TUALI.
   631 | D:1      | 631 ||| DROPPING scroll of butterflies.
   848 | D:2      | Reached skill level 7 in Ranged Weapons
  1379 | D:2      | 1379 ||| UPGRADING to +0 pair of gloves.
  1384 | D:2      | 1384 ||| UPGRADING to +0 scale mail.
  1394 | D:2      | 1394 ||| DROPPING +0 leather armour.
  1395 | D:2      | 1395 ||| READING 3 scrolls labelled SEIDIO LAOT.
  1396 | D:2      | 1396 ||| READING scroll labelled COTTIU COEK.
  1397 | D:2      | 1397 ||| READING 2 scrolls of identify.
  1397 | D:2      | 1397 ||| IDENTIFYING smoky amethyst potion
  1398 | D:2      | 1398 ||| DROPPING potion of brilliance.
  1480 | D:3      | Reached XP level 4. HP: 25/25 MP: 6/6
  1834 | D:3      | Reached skill level 8 in Ranged Weapons
  1843 | D:3      | HP: 4/25 [orc/+0 trident (5)]
  2005 | D:3      | 2005 ||| FLEEEEING.
  2006 | D:3      | 2006 ||| FLEEEEING.
  2015 | D:3      | Reached XP level 5. HP: 13/29 MP: 7/7
  2207 | D:3      | 2207 ||| UPGRADING to +0 ring mail.
  2217 | D:3      | 2217 ||| DROPPING +0 scale mail.
  2218 | D:3      | 2218 ||| UPGRADING to amulet of reflection.
  2223 | D:3      | 2223 ||| READING scroll labelled DOGUAT AKAS.
  2324 | D:3      | 2324 ||| DRINKING 2 lumpy orange potions.
  2325 | D:3      | 2325 ||| DRINKING 2 fuming clear potions.
  2326 | D:3      | 2326 ||| DROPPING potion of degeneration.
  2444 | D:4      | Reached skill level 9 in Ranged Weapons
  2518 | D:4      | Found a broken altar of Ashenzari.
  2555 | D:4      | Found Dounnius's Antique Armour Boutique.
  2570 | D:4      | 2570 ||| BUYING embroidered robe (99 gold).
  2570 | D:4      | Bought an embroidered robe for 99 gold pieces
  2570 | D:4      | 2570 ||| SHOPLISTING glowing ring mail (189 gold, have 93).
  2807 | D:4      | HP: 3/30 [iguana (7)]
  2809 | D:4      | Mangled by an iguana

Levels and vault maps discovered:
D:1:      amcnicky_arrival_choice, layout_loops_cross, hangedman_decor_push
D:2:      layout_basic, kennysheep_generic_room_11
D:3:      layout_loops_ring
D:4:      layout_loops_corners, amcnicky_altar_gilded, serial_shops, shop,
          minmay_misc_feat_tower, grunt_tough_drop

Skill      XL: |  1  2  3  4  5 |
---------------+----------------+-----
Ranged Weapons | 6 7 8 9 |  9.0
Fighting       | |  1.8
Dodging        | |  2.4
Stealth        | |  1.2

Action                     |  1- 3 |  4- 6 || total
---------------------------+-------+-------++-------
   Fire: Shortbow          |    96 |    98 ||   194
    Use: Scroll            |     9 |     1 ||    10
         Potion            |       |     2 ||     2
 Armour: Leather armour    |     8 |       ||     8
         Scale mail        |       |    18 ||    18
  Dodge: Dodged            |    13 |    26 ||    39
  Block: Other             |       |     4 ||     4

Table legend:
 A = Non-vault XP
 B = Vault XP
 C = Vault XP percentage of total XP
 D = Non-vault monster count
 E = Vault monster count
 F = Vault count percentage of total count
                 A         B        C        D         E       F
            +---------+---------+-------+---------+---------+-------
      Total |     283 |      20 |   6.6 |      68 |       5 |   6.8
            +---------+---------+-------+---------+---------+-------
        D:1 |      45 |       0 |   0.0 |      31 |       0 |   0.0
        D:2 |      46 |       3 |   6.1 |      12 |       2 |  14.3
        D:3 |     144 |       0 |   0.0 |      19 |       0 |   0.0
        D:4 |      48 |      17 |  26.2 |       6 |       3 |  33.3
            +---------+---------+-------+---------+---------+-------
